 Dungeon Crawl Stone Soup version 0.24.0-29-g8ce449bc06 (webtiles) character file.

Game seed: 9190247331157856910, levelgen mode: deterministic

251 Flugslaktarn the Chopper (level 5, 0/47 HPs)
             Began as a Minotaur Fighter on Nov 14, 2019.
             Was a Priest of Uskayaw.
             Succumbed to an orc wizard's poison
             ... on level 4 of the Dungeon.
             The game lasted 00:01:19 (2733 turns).

Flugslaktarn the Chopper (Minotaur Fighter)         Turns: 2733, Time: 00:01:20

Health: 0/47       AC: 10    Str: 22    XL:     5   Next: 88%
Magic:  4/4        EV:  7    Int:  5    God:    Uskayaw [***...]
Gold:   211        SH:  9    Dex:  9    Spells: 4/4 levels left

rFire    . . .     SeeInvis .   a - +0 war axe
rCold    . . .     Gourm    .   c - +0 shield
rNeg     . . .     Faith    .   b - +0 scale mail
rPois    .         Spirit   .   (helmet restricted)
rElec    .         Reflect  .   (no cloak)
rCorr    .         Harm     .   o - +2 pair of gloves
MR       .....                  (no boots)
Stlth    ..........             (no amulet)
HPRegen  0.15/turn              (no ring)
MPRegen  0.09/turn              (no ring)

@: lethally poisoned (0 -> -35)
A: retaliatory headbutt, horns 2
a: Stomp, Line Pass, Renounce Religion


You were on level 4 of the Dungeon.
You worshipped Uskayaw.
Uskayaw was noncommittal.
You were not hungry.

You visited 1 branch of the dungeon, and saw 4 of its levels.

You collected 211 gold pieces.

Inventory:

Hand Weapons
 a - a +0 war axe (weapon)
Armour
 b - a +0 scale mail (worn)
 c - a +0 shield (worn)
 o - a +2 pair of gloves (worn)
   (You found it on level 2 of the Dungeon)
Jewellery
 f - a +1 ring of evasion {unknown}
   (You found it on level 3 of the Dungeon)
 g - an uncursed ring of magical power {unknown}
   (You found it on level 1 of the Dungeon)
Scrolls
 i - a scroll of blinking {unknown}
 k - 3 scrolls of identify {unknown}
 n - a scroll of enchant armour {unknown}
 p - a scroll of remove curse {unknown}
 q - 2 scrolls of fog {unknown}
 r - a scroll of magic mapping {unknown}
Potions
 d - a potion of might
 h - a potion of brilliance {unknown}
 j - a potion of heal wounds {unknown}
 l - a potion of agility {unknown}
 m - a potion of degeneration {unknown}
 s - a potion of curing {unknown}
 t - a potion of flight {unknown}
Comestibles
 e - 3 rations


   Skills:
 + Level 4.7 Fighting
 * Level 5.0 Axes
 + Level 4.7 Armour
 + Level 4.7 Shields
 + Level 0.8 Invocations


You had 4 spell levels left.
You didn't know any spells.
Your spell library was empty.

Dungeon Overview and Level Annotations

Branches:
Dungeon (4/15)
 Temple: D:4-7

Altars:
Hepliaklqana
Ru
Uskayaw


Innate Abilities, Weirdness & Mutations

You reflexively headbutt those who attack you in melee.
You have a pair of horns on your head.


Message History

The leopard gecko is almost dead.
You closely miss something.
* * * LOW HITPOINT WARNING * * *
You feel very sick. You block the leopard gecko's attack.
Something hits you but does no damage.
The leopard gecko bites you but does no damage.
Something hits you but does no damage.
Your shield prevents you from hitting the leopard gecko.
The leopard gecko is almost dead.
You hit something but do no damage.
* * * LOW HITPOINT WARNING * * *
You feel very sick. You block something's attack. The leopard gecko bites you.
* * * LOW HITPOINT WARNING * * *
Something hits you.
* * * LOW HITPOINT WARNING * * *
You are more poisoned.
You miss something.
Your shield and scale mail prevent you from hitting the leopard gecko.
You die...

...## ! .#... ......
... #.... ......##..
....
......#..#####..#
......^...#.#..#
............$l# .
........#...@.##..#.
............{.......
.......<.)...###.##.
...#.......)..# #
#..!..))).....#
#......#........
........#........
.........#........
...................


You could see a leopard gecko.

Vanquished Creatures
  A scorpion (D:3)
  A bullfrog skeleton (D:3)
  An orc priest (D:3)
  5 adders
  2 oozes
  A worm (D:2)
  3 dart slugs (D:1)
  3 leopard geckos
  8 orcs
  4 bats
  A bat zombie (D:1)
  A giant cockroach (D:1)
  6 goblins
  7 hobgoblins
  6 jackals
  A quokka (D:3)
  2 ball pythons (D:2)
  4 frilled lizards
  8 kobolds
  A leopard gecko zombie (D:1)
  A quokka skeleton (D:4)
  11 rats
78 creatures vanquished.

Notes
Turn   | Place    | Note
-------+----------+-------------------------------------------
     0 | D:1      | Flugslaktarn the Minotaur Fighter began the quest for the
                  | Orb.
     0 | D:1      | Reached XP level 1. HP: 19/19 MP: 0/0
   179 | D:1      | Reached XP level 2. HP: 27/27 MP: 1/1
   310 | D:1      | Reached skill level 3 in Axes
   527 | D:1      | Reached XP level 3. HP: 33/33 MP: 2/2
   936 | D:2      | Found a hazy altar of Hepliaklqana.
  1303 | D:2      | Reached XP level 4. HP: 34/40 MP: 3/3
  1552 | D:2      | Reached skill level 4 in Axes
  1562 | D:2      | Found a sacrificial altar of Ru.
  1876 | D:3      | Reached XP level 5. HP: 40/47 MP: 4/4
  2031 | D:3      | Found a hide-covered altar of Uskayaw.
  2034 | D:3      | Noticed a +0 hand axe
  2034 | D:3      | Noticed a +0 dagger
  2067 | D:3      | Became a worshipper of Uskayaw the Reveler
  2077 | D:3      | Reached * piety under Uskayaw
  2079 | D:3      | Reached ** piety under Uskayaw
  2719 | D:4      | Reached skill level 5 in Axes
  2729 | D:4      | Reached *** piety under Uskayaw
  2733 | D:4      | Succumbed to an orc wizard's poison

Levels and vault maps discovered:
D:1:      saegor_arrival_fortress, layout_basic, minmay_rat_gold_closets
D:2:      layout_basic, nicolae_ru_awakened_eye, overflow_temple_1_default
D:3:      layout_basic, dancing_weapons_uskayaw
D:4:      layout_cave_pools, overflow_temple_1_default,
          minmay_temple_entry_mini_moons, first_ration

Skill      XL: |  1  2  3  4  5 |
---------------+----------------+-----
Axes           | 3 4 5 |  5.0
Fighting       | 4 |  4.7
Armour         | 4 |  4.7
Shields        | 4 |  4.7
Invocations    | |  0.8

Action                   |  1- 3 |  4- 6 || total
-------------------------+-------+-------++-------
Melee: War axe           |   115 |    71 ||   186
       Headbutt          |    13 |    15 ||    28
 Stab: Paralysed         |       |     1 ||     1
  Eat: Chunk             |     1 |     5 ||     6
Armor: Scale mail        |    50 |    33 ||    83
Dodge: Dodged            |    29 |    16 ||    45
Block: Shield            |    52 |    40 ||    92
